 Dungeon Crawl Stone Soup version 0.18-a0-739-gdae9da8 (webtiles) character file.

1334 M4edhros the Sneak (level 8, 0/48 HPs)
             Began as an Octopode Artificer on Dec 10, 2015.
             Was a Believer of Fedhas.
             Slain by Crazy Yiuf
             ... wielding a +3 quarterstaff of chaos
              (17 damage)
             ... on level 6 of the Dungeon.
             The game lasted 00:12:22 (7485 turns).

M4edhros the Sneak (Octopode Artificer)             Turns: 7485, Time: 00:12:23

Health: 0/48       AC:  1    Str:  8    XL:     8   Next: 61%
Magic:  12/12      EV: 14    Int: 16    God:    Fedhas [**....]
Gold:   337        SH:  0    Dex: 14    Spells: 1 memorised, 8 levels left

rFire  . . .     SeeInvis .     m - +1 rapier (speed)
rCold  . . .     Clarity  .     (no shield)
rNeg   + . .     SustAt   .     (helmet restricted)
rPois  .         Gourm    .     C - amulet of resist corrosion
rElec  .         Spirit   .     n - ring of positive energy
rCorr  +         Dismiss  .     q - +3 ring of dexterity
rMut   .         Stasis   .     (no ring)
MR     .....                    (no ring)
Stlth  ++++......               (no ring)
                                (no ring)
                                (no ring)
                                (no ring)

@: not resistant to hostile enchantments, stealthy
A: almost no armour, amphibious, 8 rings, constrict 8, camouflage 1, clumsy 1,
screaming 1, weak 1, gelatinous body 1
a: Evolution, Sunlight, Renounce Religion


You were on level 6 of the Dungeon.
You worshipped Fedhas.
Fedhas was pleased with you.
You were not hungry.

You visited 2 branches of the dungeon, and saw 7 of its levels.

You collected 337 gold pieces.

Inventory:

Hand Weapons
 i - a +0 hunting sling
 m - a +1 rapier of speed (weapon)
Missiles
 g - 125 stones (quivered)
 s - 8 javelins
Jewellery
 n - a ring of positive energy (left tentacle)
 q - a +3 ring of dexterity (right tentacle)
 C - an amulet of resist corrosion (around mantle)
Wands
 b - a wand of flame (5)
 c - a wand of enslavement (23)
 d - a wand of random effects (8)
 f - a wand of teleportation (3)
 j - a wand of digging (11)
Scrolls
 h - 7 scrolls of remove curse
 k - 7 scrolls of teleportation
 l - 3 scrolls of identify
 o - a scroll of fear {unknown}
 r - 4 scrolls of blinking
 y - 2 scrolls of enchant armour {unknown}
 A - a scroll of amnesia {unknown}
Potions
 a - a potion of poison {unknown}
 e - a potion of resistance {unknown}
 p - a potion of curing
 v - a potion of flight
 w - 2 potions of brilliance
 z - a potion of agility
Books
 u - a book of the Sky

   Spells                             Type                      Level
   a - Summon Lightning Spire         Summoning/Air                4
   b - Airstrike                      Air                          4
   c - Silence                        Hexes/Air                    5
   d - Deflect Missiles               Charms/Air                   6
   e - Conjure Ball Lightning         Conjuration/Air              6
   f - Tornado                        Air                          9
 B - a book of Debilitation

   Spells                             Type                      Level
   a - Corona                         Hexes                        1
   b - Slow                           Hexes                        2
   c - Gell's Gravitas                Hexes/Translocation          3
   d - Inner Flame                    Hexes/Fire                   3
   e - Cause Fear                     Hexes                        4
   f - Leda's Liquefaction            Hexes/Earth                  4
Comestibles
 t - 2 slices of pizza
 x - a bread ration


   Skills:
 - Level 1.0 Fighting
 - Level 1.0 Short Blades
 * Level 5.2 Slings
 + Level 4.2 Dodging
 + Level 5.9 Stealth
 * Level 2.5 Spellcasting
 * Level 2.7 Air Magic
 * Level 1.9 Invocations
 + Level 5.8 Evocations


You had 8 spell levels left.
You knew the following spells:

 Your Spells              Type           Power        Failure   Level  Hunger
a - Airstrike             Air            ##........   75%         4    #####..


Dungeon Overview and Level Annotations

Branches:
Dungeon (6/15)             Temple (1/1) D:5

Altars:
Ashenzari
Cheibriados
Dithmenos
Elyvilon
Fedhas
Gozag
Kikubaaqudgha
Makhleb
Nemelex Xobeh
Pakellas
Qazlal
Ru
Trog
Xom
Yredelemnul
Zin
The Shining One

Shops:
D:5 }

Annotations:
D:6 Crazy Yiuf


Innate Abilities, Weirdness & Mutations

You cannot wear most types of armour.
You are amphibious.
You can wear up to eight rings at the same time.
You can use your tentacles to constrict eight enemies at once.
Your skin changes colour to match your surroundings (Stealth).
Your rubbery body absorbs attacks (AC +1).
You are clumsy. (Dex -2)
You occasionally shout uncontrollably at your foes.
You are weak. (Str -2)


Message History

You open the door.
Crazy Yiuf the Enlightened comes into view.
He is wielding a quarterstaff of chaos.
Found a mace.
There is an open door here.
The helpless Crazy Yiuf fails to defend himself.
You puncture Crazy Yiuf! Your grab misses Crazy Yiuf.
Crazy Yiuf is severely wounded.
You closely miss Crazy Yiuf. You grab Crazy Yiuf.
Crazy Yiuf is severely wounded.
You constrict Crazy Yiuf.
Crazy Yiuf hits you with a quarterstaff of chaos!
Crazy Yiuf freezes you.
You hit Crazy Yiuf.
Crazy Yiuf is almost dead.
You constrict Crazy Yiuf, but do no damage.
Crazy Yiuf hits you with a quarterstaff of chaos!
You are electrocuted!
You die... "What!?
That's it?"
Fedhas appreciates your contribution to the ecosystem.

.....#.#.### ♣♣PP.♣ #.#.........
#......#+### ♣♣.♣♣ #.#.........
#..........# ♣♣.♣ #.####......
#..........# ♣f♣♣ #...........
######.....# ♣♣f♣ #...........
#.....# ♣.♣♣ #...........
######.....# ##'## #.......####
....##.....# #...# #........# #
....#......# #.@.# ###......# #
....#....#.# #)g.# #......###
....#....### ##### #.........
....#....### ##...[.###
....#....#.# ############..).....
.........#.# #.....#.............
#####......# #.....#.......)..)..
..........f###.....#.....##......
##.................#.....##......


You could see Crazy Yiuf and 2 friendly wandering mushrooms.

Vanquished Creatures
  Sigmund (D:4)
  Eustachio (D:4)
  An orc warrior (D:6)
  2 orc wizards
  A giant frog (D:5)
  2 scorpions
  A crimson imp (D:5)
  A centaur skeleton (D:3)
  4 giant frog skeletons
  A gnoll shaman (D:4)
  An orc priest (D:6)
  A worker ant (D:4)
  A hound zombie (D:4)
  5 gnolls (D:4)
  9 adders
  3 adder zombies
  2 adder skeletons
  8 giant geckos
  21 orcs
  2 ball pythons
  10 bats
  3 giant cockroaches
  8 goblins
  9 hobgoblins
  4 jackals
  2 quokkas
  A giant gecko skeleton (D:4)
  4 giant newts
  2 hobgoblin skeletons (D:5)
  2 jackal skeletons
  7 kobolds
  A kobold skeleton (D:5)
  An orc skeleton (D:5)
  A quokka skeleton (D:4)
  9 rats
132 creatures vanquished.

Vanquished Creatures (collateral kills)
  An orc warrior (D:6)
  A phantom (D:6)
  An ogre (D:4)
  A scorpion (D:6)
  A mummy (D:5)
  An adder skeleton (D:4)
  3 orcs (D:6)
9 creatures vanquished.

Vanquished Creatures (others)
  A wandering mushroom (D:6)
  An orc wizard (D:4)
  An orc priest (D:6)
  A killer bee zombie (D:6)
  65 toadstools
69 creatures vanquished.

Grand Total: 210 creatures vanquished

Notes
Turn   | Place    | Note
--------------------------------------------------------------
     0 | D:1      | M4edhros the Octopode Artificer began the quest for the Orb.
     0 | D:1      | Reached XP level 1. HP: 13/13 MP: 3/3
    69 | D:1      | Reached XP level 2. HP: 13/18 MP: 4/4
   277 | D:2      | Found a burning altar of Makhleb.
   287 | D:2      | Reached skill level 1 in Slings
   307 | D:2      | Reached XP level 3. HP: 20/23 MP: 5/5
   829 | D:3      | Found a glowing silver altar of Zin.
   829 | D:3      | Found a sacrificial altar of Ru.
   829 | D:3      | Found a glowing golden altar of the Shining One.
  1031 | D:3      | Reached skill level 4 in Evocations
  1353 | D:4      | Noticed an ogre
  1373 | D:4      | Killed an ogre
  1373 | D:4      | Reached XP level 4. HP: 12/28 MP: 7/7
  1578 | D:4      | Reached XP level 5. HP: 24/33 MP: 8/8
  1599 | D:4      | Noticed Sigmund
  1676 | D:4      | Killed Sigmund
  1676 | D:4      | Reached XP level 6. HP: 31/38 MP: 9/9
  1875 | D:4      | Reached skill level 5 in Evocations
  2135 | D:4      | Noticed Eustachio
  2366 | D:4      | Killed Eustachio
  2366 | D:4      | Reached XP level 7. HP: 36/43 MP: 10/10
  2569 | D:4      | Learned a level 4 spell: Airstrike
  2592 | D:5      | Entered Level 5 of the Dungeon
  2708 | D:5      | Found Caxum's Gadget Shop.
  2744 | D:5      | Found a staircase to the Ecumenical Temple.
  2827 | Temple   | Entered the Ecumenical Temple
  2874 | Temple   | Became a worshipper of Fedhas Madash
  3055 | D:2      | Found a sacrificial altar of Ru.
  3659 | D:1      | Reached * piety under Fedhas
  4198 | D:3      | Found a shimmering altar of Xom.
  4198 | D:3      | Found a shimmering altar of Xom.
  4199 | D:3      | Found a shimmering altar of Xom.
  4208 | D:3      | Reached skill level 5 in Stealth
  4269 | D:3      | Fell from the grace of Fedhas
  4269 | D:3      | Became a worshipper of The Xom-Meister, Xom-a-lom-a-ding-dong
  4552 | D:3      | XOM: harmless Erth miscast
  4620 | D:3      | XOM: harmless Chrm miscast
  4713 | D:4      | Reached skill level 1 in Spellcasting
  4731 | D:4      | XOM: vitrification
  4878 | D:4      | XOM: mild Summ miscast
  5147 | Temple   | Fell from the grace of Xom
  5147 | Temple   | Became a worshipper of Fedhas Madash
  5644 | D:3      | Reached skill level 1 in Air Magic
  5830 | D:5      | Reached XP level 8. HP: 29/48 MP: 12/12
  5840 | D:5      | XOM: mild Fire miscast
  5870 | D:5      | Found an oddly glowing altar of Pakellas.
  5874 | D:5      | Reached skill level 5 in Slings
  6016 | D:5      | XOM: noise
  6776 | D:6      | Reached skill level 1 in Invocations
  6819 | D:6      | XOM: summons 3 hostile shadow creatures
  6872 | D:6      | XOM: give mutations
  6872 | D:6      | Gained mutation: You are weak. (Str -2) [Xom's mischief]
  6872 | D:6      | Gained mutation: You occasionally shout uncontrollably at your foes. [Xom's mischief]
  6872 | D:6      | Gained mutation: You are clumsy. (Dex -2) [Xom's mischief]
  7150 | D:6      | Reached ** piety under Fedhas
  7479 | D:6      | Noticed Crazy Yiuf
  7485 | D:6      | Slain by Crazy Yiuf

Vault maps used:
D:1:      matt_arrival_spirals, minivault_25
D:2:      bloody_makhleb, serial_park_tiny_1, nicolae_ru_awakened_eye
D:3:      gammafunk_temple_overflow_forgotten, xom_redecorated,
          hangedman_decor_slide_cut
D:4:      serial_undead, serial_undead_c, serial_undead_d, serial_undead_c,
          serial_undead_d, uniq_sigmund, uniq_eustachio
D:5:      grunt_pakellas_basics, minmay_temple_entry_mist, first_bread,
          serial_shops, nicolae_shop_statue_plus, minmay_mini_ossuary
D:6:      uniq_crazy_yiuf_cottage
Temple:   triangle_lava_temple_11

Action                   |  1- 3 |  4- 6 |  7- 9 || total
-------------------------+-------+-------+-------++-------
Melee: Short sword       |     9 |    53 |       ||    62
       Hunting sling     |     2 |       |       ||     2
       Rapier            |       |       |   217 ||   217
 Fire: Hunting sling     |    84 |     4 |     3 ||    91
Invok: Evolution         |       |       |     3 ||     3
Evoke: Wand              |     9 |    10 |     3 ||    22
  Use: Potion            |     1 |     3 |     5 ||     9
       Scroll            |       |       |     8 ||     8
 Stab: Sleeping          |     3 |     3 |    23 ||    29
       Distracted        |       |     1 |     1 ||     2
  Eat: Royal jelly       |       |     1 |       ||     1
       Chunk             |       |     1 |     2 ||     3
       Bread ration      |       |       |     4 ||     4
